 Dungeon Crawl Stone Soup version 0.26.0-9-gab577f9fc5 (webtiles) character file.

Game seed: 7886439702931713780

1205 Mattiprrivan the Grave Robber (level 8, -3/44 HPs)
             Began as a Deep Elf Necromancer on Jan 12, 2021.
             Was a Priest of Vehumet.
             Hit by a stone thrown by an orc warrior (18 damage)
             ... on level 6 of the Dungeon on Jan 13, 2021.
             The game lasted 01:19:09 (9646 turns).

Mattiprrivan the Grave Robber (DENe)                Turns: 9646, Time: 01:19:12

Health: -3/44      AC:  3    Str:  7    XL:     8   Next: 21%
Magic:  12/19      EV: 14    Int: 21    God:    Vehumet [***...]
Gold:   316        SH:  0    Dex: 15    Spells: 7/19 levels left

rFire    . . .     SeeInvis .   j - +3 dagger (drain)
rCold    + . .     Faith    .   (no shield)
rNeg     . . .     Spirit   .   a - +0 robe
rPois    .         Reflect  .   (no helmet)
rElec    .         Harm     .   (no cloak)
rCorr    .         Rampage  .   (no gloves)
Will     .....                  b - +0 pair of boots
Stlth    +++.......             (no amulet)
HPRegen  0.14/turn              l - ring of protection from cold
MPRegen  0.16/turn              (no ring)

@: no status effects
A: no striking features
a: Renounce Religion


You were on level 6 of the Dungeon.
You worshipped Vehumet.
Vehumet was most pleased with you.
You visited 1 branch of the dungeon, and saw 6 of its levels.

You collected 316 gold pieces.

Inventory:

Hand Weapons
 e - a +0 short sword
 j - a +3 dagger of draining (weapon)
Missiles
 d - 3 boomerangs (quivered)
Armour
 a - a +0 robe (worn)
 b - a +0 pair of boots (worn)
Jewellery
 l - a ring of protection from cold (left hand)
Scrolls
 i - 2 scrolls of remove curse
 m - a scroll of identify
 n - a scroll of amnesia
Potions
 k - a potion of flight
 q - a potion of haste


   Skills:
 * Level 1.8 Fighting
 * Level 2.3 Short Blades
 * Level 2.2 Throwing
 * Level 2.0 Armour
 * Level 3.9 Dodging
 * Level 4.5 Stealth
 * Level 6.4 Spellcasting
 * Level 2.2 Conjurations
 * Level 7.0 Necromancy
 * Level 1.9 Fire Magic
 * Level 2.2 Evocations


You had 7 spell levels left.
You knew the following spells:

 Your Spells              Type           Power        Failure   Level
a - Pain                  Necr           100%         1%          1
b - Animate Skeleton      Necr           72%          1%          1
c - Magic Dart            Conj           64%          1%          1
d - Animate Dead          Necr           18%          5%          4
e - Foxfire               Conj/Fire      60%          1%          1
f - Hailstorm             Conj/Ice       11%          16%         4

Your spell library contained the following spells:

 Spells                   Type           Power        Failure   Level
 Vampiric Draining        Necr           18%          1%          3
 Agony                    Necr           36%          14%         5


Dungeon Overview and Level Annotations

Branches:
Dungeon (6/15)
 Temple: D:4-7

Altars:
Cheibriados
Fedhas
Makhleb
Qazlal
Sif Muna
Trog
Vehumet
Xom
Yredelemnul


Message History

You see here a stone.
Casting: Foxfire (safe; 1% risk of failure)
Confirm with . or Enter, or press ? or * to list all spells.
Okay, then.
Casting: Foxfire (safe; 1% risk of failure)
Confirm with . or Enter, or press ? or * to list all spells.
The spell is quite dangerous to cast (16% risk of failure)!
Continue anyway?
Casting: Hailstorm (quite dangerous; 16% risk of failure)
Press: ? - help, Dir - look around, f - activate A cannonade of hail descends around you!
The hail pelts the orc!
You kill the orc!
Vehumet accepts your kill.
The hail pelts the orc warrior.
The orc warrior is lightly wounded.
The hail pelts the orc priest.
The orc priest is lightly wounded.
You hear a shout!
You hear an angry hiss.
The orc warrior throws a stone.
The stone hits you!!
You die...

##....#.........
#####
####.#.........
##.......... ###
##.........
.#... ##.###...
......###..#
.... #...(#.##
.).
##...(.##.....
###..@.......
#..........
##o(.......
oo(.......
s...###....
....## ....
.Y#.## ... >
..##. .. .
##......


You could see an orc warrior, a sky beast, a scorpion, an orc priest and an orc.

Vanquished Creatures
  2 phantoms (D:4)
  A crimson imp (D:5)
  4 hounds
  5 orc priests
  A centaur skeleton (D:6)
  Terence (D:2)
  3 iguanas (D:4)
  5 orc wizards
  4 worker ants
  A killer bee zombie (D:5)
  4 gnolls (D:5)
  2 river rats (D:3)
  13 adders
  A shadow imp (D:6)
  A white imp (D:5)
  An ufetubus (D:5)
  2 oozes (D:3)
  3 worms (D:2)
  2 dart slugs
  A leopard gecko (D:1)
  16 orcs
  7 bats
  7 giant cockroaches
  2 gnoll zombies (D:4)
  6 goblins
  7 hobgoblins
  2 jackals (D:5)
  3 quokkas
  5 ball pythons
  6 frilled lizards
  6 kobolds
  A quokka zombie (D:5)
  13 rats
138 creatures vanquished.

Vanquished Creatures (collateral kills)
  An orc wizard (D:6)
  A leopard gecko (D:6)
2 creatures vanquished.

Vanquished Creatures (others)
  2 orcs (D:6)
  A bush (D:4)
  74 foxfires
77 creatures vanquished.

Grand Total: 217 creatures vanquished

Notes
Turn   | Place    | Note
-------+----------+-------------------------------------------
     0 | D:1      | Mattiprrivan the Deep Elf Necromancer began the quest for
                  | the Orb.
     0 | D:1      | Reached XP level 1. HP: 10/10 MP: 6/6
     2 | D:1      | Learned a level 1 spell: Animate Skeleton
    52 | D:1      | You fall into a shaft and drop 1 floor!
    59 | D:2      | Reached skill level 5 in Necromancy
    59 | D:2      | Reached XP level 2. HP: 2/15 MP: 0/8
   328 | D:2      | Found a radiant altar of Vehumet.
   342 | D:2      | Became a worshipper of Vehumet
   346 | D:2      | Noticed Terence
   876 | D:2      | Reached XP level 3. HP: 15/19 MP: 5/9
  2087 | D:2      | Reached * piety under Vehumet
  2087 | D:2      | Offered knowledge of Magic Dart by Vehumet.
  2093 | D:2      | Reached XP level 4. HP: 7/24 MP: 1/12
  2095 | D:2      | Learned a level 1 spell: Magic Dart
  2100 | D:2      | Learned a level 4 spell: Animate Dead
  2772 | D:2      | Killed Terence
  3123 | D:3      | Reached XP level 5. HP: 10/28 MP: 2/13
  3241 | D:3      | Reached skill level 6 in Necromancy
  3896 | D:3      | Reached skill level 5 in Spellcasting
  3898 | D:3      | Reached skill level 1 in Evocations
  3910 | D:3      | Offered knowledge of Foxfire by Vehumet.
  3919 | D:3      | Reached skill level 1 in Conjurations
  3924 | D:3      | Reached ** piety under Vehumet
  3941 | D:3      | Reached XP level 6. HP: 4/33 MP: 12/15
  3944 | D:3      | Learned a level 1 spell: Foxfire
  4263 | D:3      | Reached skill level 1 in Armour
  4322 | D:3      | Found a faded altar of an unknown god.
  4982 | D:4      | Reached skill level 1 in Fighting
  4982 | D:4      | Reached skill level 1 in Short Blades
  5720 | D:4      | Found a bloodstained altar of Trog.
  5811 | D:4      | Found a snail-covered altar of Cheibriados.
  5869 | D:4      | Found a basalt altar of Yredelemnul.
  6058 | D:4      | Reached skill level 1 in Throwing
  6058 | D:4      | Reached XP level 7. HP: 18/38 MP: 12/17
  6433 | D:4      | Reached skill level 1 in Fire Magic
  6691 | D:4      | Upgraded the game from 0.26.0-8-g74fc34ddfb to
                  | 0.26.0-9-gab577f9fc5
  6699 | D:4      | Found a blossoming altar of Fedhas.
  6741 | D:5      | Entered Level 5 of the Dungeon
  7762 | D:5      | Offered knowledge of Conjure Flame by Vehumet.
  7851 | D:5      | Found a shimmering altar of Xom.
  7852 | D:5      | Found a burning altar of Makhleb.
  7856 | D:5      | Noticed a neqoxec
  7856 | D:5      | a crimson imp changed into a neqoxec
  7857 | D:5      | Noticed a red devil
  7857 | D:5      | a neqoxec changed into a red devil
  8896 | D:5      | Reached *** piety under Vehumet
  8912 | D:5      | Reached XP level 8. HP: 18/43 MP: 17/19
  9303 | D:6      | Reached skill level 7 in Necromancy
  9380 | D:6      | Offered knowledge of Hailstorm by Vehumet.
  9386 | D:6      | Learned a level 4 spell: Hailstorm
  9570 | D:6      | Found a shimmering blue altar of Sif Muna.
  9571 | D:6      | Found a stormy altar of Qazlal.
  9645 | D:6      | Identified the cursed +1 robe of Vipnemuq {MP+9 Str-3 Int+4
                  | Dex+10}
  9646 | D:6      | Hit by a stone thrown by an orc warrior

Illustrated notes

Levels and vault maps discovered:
D:1:      heliophobic_arrival_ceremonial_halls, layout_loops_ring,
          minmay_crystal_water
D:2:      minmay_inner_zag, layout_rooms, overflow_temple_1_default,
          uniq_terence
D:3:      layout_basic, portal_sewer_entry_e,
          chequers_ecumenical_altar_simple_redux, kennysheep_generic_room_13
D:4:      layout_basic, general_overflow_altar, cheibriados_altar_1,
          lemuel_zombie_altar_yredelemnul, fedhas_bush_and_centaur_altar
D:5:      layout_basic, grunt_temple_overflow_champion_of_chaos,
          minmay_fire_ice_demons
D:6:      layout_cave_pools, minitemple, uniq_blork_the_orc

Skill      XL: |  1  2  3  4  5  6  7  8 |
---------------+-------------------------+-----
Necromancy     | 5 6 7 |  7.0
Spellcasting   | 4 5 6 |  6.4
Stealth        | 3 4 |  4.5
Dodging        | 3 |  3.9
Evocations     | 1 2 |  2.2
Conjurations   | 1 2 |  2.2
Armour         | 1 2 |  2.0
Fighting       | 1 |  1.8
Short Blades   | 1 2 |  2.3
Throwing       | 1 2 |  2.2
Fire Magic     | 1 |  1.9

Action                   |  1- 3 |  4- 6 |  7- 9 || total
-------------------------+-------+-------+-------++-------
Melee: Dagger            |       |    96 |   223 ||   319
       Short sword       |       |     3 |       ||     3
Throw: Dart              |       |     6 |    30 ||    36
       Boomerang         |       |       |    32 ||    32
 Cast: Pain              |    66 |    82 |    18 ||   166
       Animate Skeleton  |     1 |       |       ||     1
       Animate Dead      |       |     7 |     5 ||    12
       Foxfire           |       |     8 |    36 ||    44
       Magic Dart        |       |     8 |       ||     8
       Hailstorm         |       |       |     2 ||     2
Evoke: Wand              |       |     8 |     5 ||    13
  Use: Scroll            |     7 |     4 |    12 ||    23
       Potion            |     4 |     8 |     1 ||    13
 Stab: Sleeping          |       |     2 |     1 ||     3
       Invisible         |       |       |     2 ||     2
Armor: Robe              |     8 |    20 |    26 ||    54
Dodge: Dodged            |    13 |    66 |   173 ||   252
